 Dungeon Crawl Stone Soup version 0.30-a0-377-g5cb311bc9f (webtiles) character file.

Game seed: 2928247645375106155

61 tio the Grave Robber (level 3, -5/24 HPs)
             Began as a Demonspawn Necromancer on Nov 29, 2022.
             Slain by a worm (6 damage)
             ... on level 2 of the Dungeon.
             The game lasted 00:06:42 (1548 turns).

tio the Grave Robber (Demonspawn Necromancer)       Turns: 1548, Time: 00:06:42

Health: -5/24      AC:  4    Str: 14    XL:     3   Next: 83%
Magic:  1/6        EV:  9    Int: 18    God:
Gold:   71         SH:  0    Dex: 13    Spells: 6/7 levels left

rFire   . . .      SeeInvis .    j - +0 short sword (vamp)
rCold   . . .      Faith    .    (no shield)
rNeg    . . .      Spirit   .    a - +0 robe
rPois   .          Reflect  .    (no helmet)
rElec   .          Harm     .    (no cloak)
rCorr   .          Rampage  .    (no gloves)
Will    .....                    (no boots)
Stlth   ++........               (no amulet)
HPRegen 0.24/turn                e - +6 ring of strength
MPRegen 0.10/turn                (no ring)

@: about to teleport, constricted
A: slimy green scales 1
a: no special abilities


You were on level 2 of the Dungeon.
You visited 1 branch of the dungeon, and saw 2 of its levels.

You collected 71 gold pieces.

Inventory:

Hand Weapons
 c - a +0 spear
 f - a +0 whip of venom
 j - a +0 vampiric short sword (weapon)
Armour
 a - a +0 robe (worn)
Magical Staves
 m - a staff of cold
Jewellery
 e - a +6 ring of strength (left hand)
Scrolls
 d - 3 scrolls of identify
Potions
 b - 2 potions of magic
 g - a potion of invisibility {unknown}
 h - a potion of lignification {unknown}
 i - a potion of ambrosia {unknown}
 k - 2 potions of flight
 o - a potion of brilliance {unknown}
 p - a potion of curing {unknown}


   Skills:
 + Level 0.2 Maces & Flails
 + Level 1.8 Dodging
 + Level 1.8 Stealth
 + Level 2.6 Spellcasting
 + Level 5.5 Necromancy


You had 6 spell levels left.
You knew the following spells:

 Your Spells              Type           Power      Damage    Failure   Level
a - Necrotise             Necr           88%        1d8       1%          1

Your spell library contained the following spells:

 Spells                   Type           Power      Damage    Failure   Level
 Vampiric Draining        Necr           22%        2d7       5%          3
 Animate Dead             Necr           22%        N/A       17%         4
 Agony                    Necr           22%        N/A       43%         5


Dungeon Overview and Level Annotations

Branches:
Dungeon (2/15)

Altars:


Innate Abilities, Weirdness & Mutations

You are partially covered in slimy green scales. (AC +2)


Message History

The worm misses you.
You barely miss the worm.
The worm is almost dead.
The ball python barely misses you. The ball python misses you.
You are too injured to fight recklessly!
You hit the worm.
You feel better.
The worm is almost dead.
The ball python closely misses you. The ball python grabs you.
The ball python constricts you. The worm bites you.
The ball python barely misses you. The ball python constricts you.
The rat bites you but does no damage.
You hit the worm.
The worm is almost dead.
The ball python bites you.
* * * LOW HITPOINT WARNING * * *
The ball python constricts you.
* * * LOW HITPOINT WARNING * * *
The rat bites you but does no damage.
As you read the scroll labelled PEYNWI OCZUREG, it crumbles to dust.
It is a scroll of amnesia.
Okay, then.
The ball python closely misses you. The ball python constricts you.
The worm barely misses you. The rat bites you but does no damage.
As you read the scroll labelled DETYSY DUKACEL, it crumbles to dust.
It is a scroll of identify.
k - 2 potions of flight The ball python bites you.
* * * LOW HITPOINT WARNING * * *
The ball python constricts you. The worm misses you. The rat barely misses you.
As you read the scroll labelled OSHURICUERR, it crumbles to dust.
You hear a loud clanging noise!
It was a scroll of noise.
The ball python bites you but does no damage.
The ball python constricts you. The rat bites you but does no damage.
As you read the scroll labelled ERILOS ORITS, it crumbles to dust.
You feel strangely unstable.
It was a scroll of teleportation.
The ball python closely misses you. The ball python constricts you.
* * * LOW HITPOINT WARNING * * *
The worm bites you.
You die...

#.#..#######.##########.#
..#..# #.# #.########
###..# #.# #........#
###..# ##+# #....###.#
.....# ##...# ##.#.#
....## #.....# ###.#.#
##.## .......##
##.#.#.###.# #<..####
......w.####..........#
.......+
......S@'.......#.#####
#...####
......r.####...##.# ##<##
.....>.## ##.###.# ...#
#.....# ### #.# ##.#
##...# ..# #.# ##+# ###
#.#


You could see a worm, a ball python and a rat.

Vanquished Creatures
  4 adders (D:2)
  A worm (D:2)
  2 bats
  2 endoplasms (D:1)
  A giant cockroach (D:1)
  2 jackals (D:1)
  3 kobolds
  A quokka (D:1)
  2 frilled lizards
  2 goblins (D:1)
  3 rats
23 creatures vanquished.

Vanquished Creatures (collateral kills)
  A rat (D:2)
1 creature vanquished.

Vanquished Creatures (others)
  3 plants (D:1)
3 creatures vanquished.

Grand Total: 27 creatures vanquished

Notes
Turn   | Place    | Note
-------+----------+-------------------------------------------
     0 | D:1      | tio the Demonspawn Necromancer began the quest for the Orb.
     0 | D:1      | Reached XP level 1. HP: 13/13 MP: 3/3
   294 | D:1      | Gained mutation: You are partially covered in slimy green
                  | scales. (AC +2) [demonic ancestry]
   294 | D:1      | Reached XP level 2. HP: 19/19 MP: 1/5
   640 | D:1      | Reached skill level 5 in Necromancy
  1105 | D:2      | Reached XP level 3. HP: 24/24 MP: 3/6
  1548 | D:2      | HP: 1/24 [constriction (1)]
  1548 | D:2      | Slain by a worm

Illustrated notes

Levels and vault maps discovered:
D:1:      eino_arrival_cavern_b, layout_rooms, serial_bayou,
          serial_bayou_pond_e, serial_bayou_pond_a, serial_bayou_lake_a,
          serial_bayou_pond_e
D:2:      layout_loops_corners

Skill      XL: |  1  2 |
---------------+-------+-----
Necromancy     | 5 |  5.5
Maces & Flails | |  0.2
Dodging        | |  1.8
Stealth        | |  1.8
Spellcasting   | |  2.6

Action                   || total
-------------------------++-------
Melee: Whip              ||     5
       Short sword       ||    29
 Cast: Necrotise         ||    42
  Use: Scroll            ||     4
Armor: Robe              ||     9
Dodge: Dodged            ||    20

Table legend: (Time is in decaauts)
 A = Elapsed time spent in this place.
 B = Non-inter-level travel time spent in this place.
 C = Inter-level travel time spent in this place.
 D = Time resting spent in this place.
 E = Time spent auto-exploring this place.
 F = Levels seen in this place.
 G = Mean time per level.
                   A        B        C        D        E       F      G
               +--------+--------+--------+--------+--------+-----+--------+
         Total |   1577 |   1506 |     71 |      0 |   1330 |   2 |  788.5 |
       Dungeon |   1577 |   1506 |     71 |      0 |   1330 |   2 |  788.5 |
               +--------+--------+--------+--------+--------+-----+--------+

Top non-repeatable levels by time:
     D:1: 1035 daAuts
     D:2: 541 daAuts
